 Dungeon Crawl Stone Soup version 0.28.0-53-g5a82cb258f (webtiles) character file.

Game seed: 8038195614986853995

6923 Infinimo the Basher (level 11, -16/120 HPs)
             Began as an Ogre Berserker on June 4, 2022.
             Was a Priest of Trog.
             Killed from afar by Maggie (23 damage)
             ... with a bolt of fire
             ... on level 9 of the Dungeon.
             The game lasted 00:15:16 (10821 turns).

Infinimo the Basher (Ogre Berserker)               Turns: 10821, Time: 00:15:17

Health: -16/120    AC: 12    Str: 27    XL:     11   Next: 7%
Magic:  11/11      EV: 11    Int:  8    God:    Trog [***...]
Gold:   341        SH:  0    Dex:  8    Spells: 10/10 levels left

rFire   . . .      SeeInvis .   a - +0 mace (protect)
rCold   . . .      Faith    .   (no shield)
rNeg    . . .      Spirit   .   r - +0 troll leather armour {Pargi}
rPois   .          Reflect  .   (helmet restricted)
rElec   .          Harm     .   (no cloak)
rCorr   .          Rampage  .   (gloves unavailable)
Will    +....                   (boots unavailable)
Stlth   +.........              (no amulet)
HPRegen 1.10/turn               (no ring)
MPRegen 0.12/turn               (no ring)

@: under a protective aura, mesmerised, hasted, studying Maces & Flails, very
quick
A: large, unfitting armour, tough skin 1
a: Renounce Religion, Berserk, Trog's Hand


You were on level 9 of the Dungeon.
You worshipped Trog.
Trog was most pleased with you.
You visited 1 branch of the dungeon, and saw 9 of its levels.
You also visited: Sewer.

You collected 419 gold pieces.
You spent 78 gold pieces at shops.

Inventory:

Hand Weapons
 a - a +0 mace of protection (weapon)
Missiles
 A - 3 curare-tipped darts (quivered)
 B - 23 poisoned darts
Armour
 r - a +0 troll leather armour (worn) {Pargi}
Jewellery
 d - a ring of protection from cold
 i - a ring of willpower
 j - the amulet of the Four Winds {rN+ Will+++ Clar}
   (You found it on level 4 of the Dungeon)

   [amulet of nothing]

   rN:        It protects you from negative energy.
   Clar:      It protects you against confusion.
   Will:      It greatly increases your willpower.
 t - a ring of magical power
 u - a +4 ring of protection
 D - a ring of resist corrosion
Wands
 c - a wand of acid (5)
 g - a wand of polymorph (8)
 w - a wand of digging (6)
 x - a wand of charming (9)
 C - a wand of flame (3)
Scrolls
 e - 2 scrolls of blinking
 f - a scroll of immolation
 m - 2 scrolls of enchant armour
 y - a scroll of magic mapping
 z - 2 scrolls of fog
 E - 2 scrolls of identify
Potions
 b - 3 potions of invisibility {unknown}
 h - 2 potions of curing
 k - 2 potions of lignification {unknown}
 l - 2 potions of mutation {unknown}
 n - 2 potions of attraction {unknown}
 o - 4 potions of might {unknown}
 p - 2 potions of brilliance {unknown}
 q - a potion of degeneration
 s - 3 potions of flight {unknown}


   Skills:
 + Level 11.5 Fighting
 * Level 13.1 Maces & Flails
 + Level 8.2 Dodging


You had 10 spell levels left.
You didn't know any spells.
Your spell library was empty.

Dungeon Overview and Level Annotations

Branches:
Dungeon (9/15)             Temple (0/1) D:6            Lair (0/6) D:8
  Sewer (visited)
    Orc: D:9-12

Altars:
Gozag
Kikubaaqudgha
Makhleb
Sif Muna
The Shining One

Shops:
D:4 *   D:8 *

Annotations:
D:9 Joseph, Maggie


Innate Abilities, Weirdness & Mutations

You are too large for most types of armour.
You have tough skin. (AC +1)


Message History

Maggie is moderately wounded.
Maggie barely misses you.
You barely miss Maggie.
Maggie is moderately wounded.
You hit Maggie.
Maggie is heavily wounded.
Maggie says, "If you die in the Dungeon, but nobody's around to see it, does it really matter?"
Maggie hits you with a +1 scimitar of flaming.
* * * LOW HITPOINT WARNING * * *
Maggie burns you.
* * * LOW HITPOINT WARNING * * *
Unknown command.
You hit Maggie but do no damage.
Maggie is heavily wounded.
Unknown command.
You sock Maggie!
Maggie is heavily wounded.
Maggie points at you and mumbles some strange words.
The bolt of fire hits you!
* * * LOW HITPOINT WARNING * * *
You barely miss Maggie.
Maggie is heavily wounded.
You hit Maggie but do no damage.
Maggie is heavily wounded.
Maggie hits you with a +1 scimitar of flaming!
* * * LOW HITPOINT WARNING * * *
Maggie burns you.
* * * LOW HITPOINT WARNING * * *
Unknown command.
Unknown command.
Okay, then.
You hit Maggie but do no damage.
Maggie is heavily wounded.
You hit Maggie but do no damage.
Maggie is heavily wounded.
You barely miss Maggie.
Maggie is heavily wounded.
Maggie points at you and mumbles some strange words.
The bolt of fire hits you!!
You die...

###
.......'......#
...
########......#
### #......#
#......#
#####'## ####.#
#....#
###'#####
#@@.....#
#.......#
#...(...#
#.......#
#.......#
#.......#
+.......#
#.......#


You could see Maggie (mesmerising).

Vanquished Creatures
  A two-headed ogre (D:8)
  An ugly thing (D:8)
  A troll (D:6)
  2 hornets (D:8)
  Prince Ribbit (D:7)
  Sigmund (D:4)
  A wyvern (D:8)
  A wraith (D:9)
  3 steam dragons
  3 wargs (D:8)
  4 water moccasins
  An acid dragon (D:8)
  Pargi (D:4)
  A sky beast (D:5)
  2 necrophages
  3 ogres
  A centaur (D:6)
  3 phantoms
  5 kobold brigands
  4 bullfrogs
  A gnoll sergeant (D:7)
  2 scorpions
  A water moccasin skeleton (D:6)
  6 killer bees
  5 wights (D:7)
  A bullfrog zombie (D:6)
  A centaur zombie (D:6)
  2 hounds
  A jelly (D:7)
  A centaur skeleton (D:7)
  2 orc priests
  3 bullfrog skeletons
  7 iguanas
  Ijyb (D:5)
  9 orc wizards
  A killer bee zombie (D:7)
  2 hound skeletons
  A howler monkey zombie (D:5)
  8 gnolls
  13 adders
  5 river rats (Sewer)
  2 shadow imps
  2 ufetubi
  An adder zombie (D:5)
  2 worms
  4 dart slugs
  23 orcs
  8 bats
  8 endoplasms
  2 giant cockroaches
  10 goblins
  4 hobgoblins (D:2)
  7 jackals
  8 quokkas
  2 ball pythons
  5 frilled lizards
  19 kobolds
  10 rats
230 creatures vanquished.

Vanquished Creatures (others)
  30 plants
30 creatures vanquished.

Grand Total: 260 creatures vanquished

Notes
Turn   | Place    | Note
-------+----------+-------------------------------------------
     0 | D:1      | Infinimo the Ogre Berserker began the quest for the Orb.
     0 | D:1      | Reached XP level 1. HP: 24/24 MP: 1/1
   214 | D:1      | Reached XP level 2. HP: 21/32 MP: 2/2
   220 | D:1      | Reached skill level 3 in Maces & Flails
  1151 | D:1      | Reached XP level 3. HP: 11/40 MP: 3/3
  1546 | D:2      | Reached XP level 4. HP: 46/49 MP: 4/4
  1597 | D:2      | Found a faded altar of an unknown god.
  1780 | D:2      | Reached ** piety under Trog
  1831 | D:2      | Reached skill level 5 in Fighting
  1831 | D:2      | Reached skill level 4 in Maces & Flails
  2230 | D:2      | Reached XP level 5. HP: 35/57 MP: 5/5
  3019 | D:3      | Reached XP level 6. HP: 66/66 MP: 6/6
  3244 | D:4      | Reached skill level 5 in Maces & Flails
  3252 | D:4      | Reached XP level 7. HP: 65/75 MP: 7/7
  3667 | D:4      | Found Xihatan's Assorted Antiques.
  3672 | D:4      | Bought an amethyst potion for 18 gold pieces
  3672 | D:4      | Bought a sapphire potion for 18 gold pieces
  3672 | D:4      | Bought a scroll labelled ZEWNIO MIWKIG for 21 gold pieces
  3672 | D:4      | Bought a scroll labelled IRGHOHICUDD for 21 gold pieces
  3719 | D:4      | Found the amulet of the Four Winds {rN+ Will+++ Clar}
  3930 | D:4      | Noticed Pargi
  3942 | D:4      | Killed Pargi
  3973 | D:4      | Noticed Sigmund
  3981 | D:4      | Killed Sigmund
  3982 | D:4      | Reached skill level 6 in Maces & Flails
  4155 | D:4      | Found an opulent altar of Gozag.
  4351 | D:4      | Reached XP level 8. HP: 84/84 MP: 8/8
  4524 | D:4      | Identified the +4 falchion of the Tooth {drain, Int+3}
  4767 | D:5      | Entered Level 5 of the Dungeon
  4809 | D:5      | Reached skill level 5 in Dodging
  4949 | D:5      | Reached skill level 7 in Maces & Flails
  5132 | D:5      | Noticed Ijyb
  5216 | D:5      | Killed Ijyb
  5331 | D:5      | Reached *** piety under Trog
  5697 | D:5      | Found a shimmering blue altar of Sif Muna.
  5946 | D:6      | Found a staircase to the Ecumenical Temple.
  5958 | D:6      | Reached XP level 9. HP: 97/97 MP: 9/9
  5972 | D:6      | Found a burning altar of Makhleb.
  5978 | D:6      | Found an ancient bone altar of Kikubaaqudgha.
  6042 | D:6      | Found a glowing drain.
  6052 | Sewer    | Entered a sewer
  6137 | Sewer    | Reached skill level 8 in Maces & Flails
  7016 | D:6      | Found a glowing golden altar of the Shining One.
  7080 | D:6      | Identified a scroll of acquirement
  7080 | D:6      | Acquired a manual of Maces & Flails
  7337 | D:6      | Noticed a troll
  7345 | D:6      | Killed a troll
  7346 | D:6      | Reached skill level 9 in Maces & Flails
  7754 | D:7      | Noticed Prince Ribbit
  7769 | D:7      | Reached skill level 10 in Maces & Flails
  7772 | D:7      | Reached XP level 10. HP: 110/110 MP: 10/10
  7780 | D:7      | Killed Prince Ribbit
  7781 | D:7      | Reached skill level 10 in Fighting
  8628 | D:8      | Reached skill level 11 in Maces & Flails
  9237 | D:8      | Reached **** piety under Trog
  9430 | D:8      | Found Pies Jiuxonk's Demolitions Depot.
  9556 | D:8      | Found a staircase to the Lair.
  9639 | D:8      | Reached skill level 12 in Maces & Flails
 10195 | D:9      | Noticed a two-headed ogre
 10196 | D:9      | Paralysed by a hornet for 1 turns
 10203 | D:8      | Paralysed by a hornet for 1 turns
 10209 | D:8      | Paralysed by a hornet for 3 turns
 10212 | D:8      | HP: 4/113 [hornet (3)]
 10361 | D:8      | Killed a two-headed ogre
 10445 | D:9      | Noticed Joseph
 10459 | D:9      | Reached XP level 11. HP: 120/120 MP: 11/11
 10459 | D:9      | Noticed a green ugly thing
 10638 | D:8      | Killed a green ugly thing
 10639 | D:8      | Reached skill level 13 in Maces & Flails
 10801 | D:9      | Noticed Maggie
 10818 | D:9      | HP: 6/120 [Maggie/+1 scimitar of flaming (10)]
 10821 | D:9      | Killed from afar by Maggie

Illustrated notes

Levels and vault maps discovered:
D:1:      dpeg_arrival_ratfight, layout_loops_ring, serial_bayou,
          serial_bayou_shore_b, serial_bayou_pond_c, serial_bayou_pond_d,
          serial_bayou_pond_e, serial_bayou_pond_d, serial_bayou_shore_a,
          wander_ebering_terrifying_dragon_lair
D:2:      layout_basic, hellmonk_ecumenical_altar_arch_garden,
          minmay_fractal_squares_5
D:3:      layout_rooms
D:4:      minmay_opposing_rooms, layout_basic, nicolae_gozag_seed_capital,
          serial_shops, kennysheep_little_box, uniq_sigmund, uniq_pargi
D:5:      layout_loops_ring, lemuel_coloured_pillars_altar, serial_bayou,
          serial_bayou_pond_a, serial_bayou_ford_a, serial_bayou_shore_b,
          serial_bayou_lagoon_a, corexii_shack, serial_park_tiny_pond,
          kennysheep_nondescript, uniq_ijyb
D:6:      layout_basic, nicolae_overflow_crystal_walls, minitemple,
          minmay_temple_entry_stoned_glass, portal_sewer_entry_d
D:7:      layout_basic, minivault_25, uniq_prince_ribbit1
D:8:      layout_cave_pods, erik_lair_orcish_takeover, nicolae_blasting_shop
D:9:      layout_roguey, minmay_orc_entry_guard_dogs, hangedman_tell_no_tales,
          uniq_joseph, uniq_maggie, uniq_maurice

Skill      XL: |  1  2  3  4  5  6  7  8  9 10 11 |
---------------+----------------------------------+-----
Maces & Flails | 3 4 5 6 7 10 12 13 | 13.1
Dodging        | 3 4 5 6 8 |  8.2
Fighting       | 5 6 8 9 11 | 11.5

Action                   |  1- 3 |  4- 6 |  7- 9 | 10-12 || total
-------------------------+-------+-------+-------+-------++-------
Melee: Mace              |    95 |   112 |   530 |   305 ||  1042
       Punch             |     2 |     1 |     9 |     1 ||    13
Invok: Berserk           |     2 |     7 |    14 |    16 ||    39
  Use: Scroll            |     2 |       |    14 |     2 ||    18
       Potion            |       |       |     1 |     7 ||     8
 Stab: Distracted        |       |       |     1 |       ||     1
Armor: Animal skin       |    46 |    37 |    13 |       ||    96
       Troll leather arm |       |       |   223 |   114 ||   337
Dodge: Dodged            |    81 |    71 |   260 |   167 ||   579
